AoeStats
← Legolars

Arena

506908220Analyzed
2v2 RM · 17d ago on Sep 15, 2026· 47m 1s· 4 players
Game mode
Random Map
Map size
Medium (4 player)
Population
200
Speed
Normal
Resources
Standard
Victory
Conquest
Starting age
Dark Age
Ending age
Imperial Age
RankedLock teamsTeams togetherTeam positionsShared explorationLock speedFull tech treeHidden civsTurbo modeCheats
Victory
Defeat
🇫🇷 Mongols · France
1029
+17
🇪🇸 Vietnamese · Spain
1015
+18
🇳🇴 Goths · Norway
1059
-18
🇳🇴 Ethiopians · Norway
1048
-17
M4PUCH3
3:33 Loom
10:32 Feudal Age
12:34 Horse Collar
12:42 Double-Bit Axe
16:54 Loom
20:05 Castle Age
18:08 Gold Mining
21:13 Fletching
22:59 Bow Saw
22:52 Heavy Plow
22:26 Crossbowman
23:57 Wheelbarrow
24:21 Stone Mining
24:49 Town Watch
25:35 Hand Cart
25:08 Town Watch
25:27 Padded Archer Armor
27:13 Man-at-Arms
28:10 Forging
31:16 Imperial Age
30:06 Gold Shaft Mining
30:11 Stone Shaft Mining
29:54 Long Swordsman
30:47 Forging
30:39 Scale Mail Armor
30:34 Bodkin Arrow
30:58 Leather Archer Armor
30:46 Scale Mail Armor
31:32 Ballistics
31:50 Squires
32:27 Iron Casting
31:30 Arbalester
33:52 Chemistry
33:33 Bracer
33:38 Two-Handed Swordsman
36:07 Capped Ram
36:41 Champion
38:49 Conscription
39:32 Blast Furnace
38:51 Chain Mail Armor
39:37 Blast Furnace
39:37 Leather Archer Armor
43:36 Elite Skirmisher
44:07 Arson
44:57 Plate Mail Armor
Zaborrero
0:27 Loom
11:28 Feudal Age
12:13 Double-Bit Axe
12:35 Horse Collar
15:04 Padded Archer Armor
16:07 Wheelbarrow
21:11 Castle Age
19:25 Gold Mining
20:00 Fletching
20:13 Scale Mail Armor
22:19 Squires
21:44 Elite Skirmisher
22:35 Heavy Plow
24:00 Town Watch
25:37 Arson
30:26 Imperial Age
29:05 Ballistics
28:21 Pikeman
29:31 Forging
32:19 Chemistry
37:18 Leather Archer Armor
36:58 Bodkin Arrow
39:08 Elite Rattan Archer
41:15 Thumb Ring
45:39 Imperial Skirmisher
46:52 Ring Archer Armor
46:23 Bracer
46:59 Iron Casting
46:39 Chain Mail Armor
Randy Bobandy
11:35 Feudal Age
13:47 Fletching
14:18 Forging
14:40 Man-at-Arms
16:42 Arson
22:16 Castle Age
22:37 Crossbowman
23:25 Thumb Ring
26:57 Double-Bit Axe
30:07 Scale Mail Armor
30:31 Elite Skirmisher
33:59 Bodkin Arrow
34:40 Iron Casting
35:17 Bow Saw
35:35 Ballistics
35:26 Fortified Wall
35:37 Padded Archer Armor
Legolars
5:10 Loom
11:33 Feudal Age
12:43 Man-at-Arms
17:03 Castle Age
15:03 Double-Bit Axe
15:00 Horse Collar
16:39 Gold Mining
20:03 Wheelbarrow
19:43 Bow Saw
19:36 Heavy Plow
22:31 Stone Mining
25:37 Forging
25:57 Squires
27:14 Scale Mail Armor
27:50 Iron Casting
28:58 Hand Cart
33:54 Imperial Age
31:31 Fletching
33:05 Anarchy
33:37 Masonry
33:37 Murder Holes
33:57 Elite Huskarl
34:59 Conscription
36:01 Blast Furnace
35:17 Chain Mail Armor
37:07 Two-Man Saw
36:34 Perfusion
37:15 Elite Huskarl
38:26 Bodkin Arrow
42:56 Scale Barding Armor
43:00 Cavalier
43:52 Bloodlines
43:44 Husbandry
44:10 Chain Barding Armor
Connection lost

Rejoining the realm…

Still unreachable

The connection could not be restored.

Session expired

The server has moved on; the page needs a fresh start.